| TOP OF THE 1ST |
|
Corpus Christi Hooks batting - Pitching for Arkansas Travelers : RHP Robbie Delgado
|
|
Pitching: RHP Robbie Delgado
|
|
|
Batting: RHB Chris McGrath
|
0-0: Ball 1-0: Foul Ball, location: 2F 1-1: Ball 2-1: Foul Ball, location: 2F 2-2: Strikes out looking
|
|
Batting: RHB Antonio Gamez
|
0-0: Called Strike 0-1: Ground out 5-3 (Groundball, 56S, EV 82.5 MPH)
|
|
Batting: LHB Sean Trueblood
|
0-0: Ball 1-0: Foul Ball, location: 2F 1-1: Ground out 6-3 (Groundball, 6M, EV 82.5 MPH)
|
| Top of the 1st over - 0 runs, 0 hits, 0 errors, 0 left on base; Corpus Christi 0 - Arkansas 0 |
| BOTTOM OF THE 1ST |
|
Arkansas Travelers batting - Pitching for Corpus Christi Hooks : RHP Bill Tulk
|
|
Pitching: RHP Bill Tulk
|
|
|
Batting: RHB Bjoern Waltersson
|
0-0: Foul Ball, location: 2F 0-1: Foul Ball, location: 2F 0-2: Ball 1-2: Ball 2-2: Ball 3-2: TRIPLE (Groundball, 5L, EV 110.6 MPH)
|
|
Batting: RHB Andres Mendiola
|
0-0: Foul Ball, location: 2F 0-1: Fly out, F4 (Popup, 4, EV 54.4 MPH)
|
|
Batting: RHB Jasper Burd
|
0-0: Called Strike 0-1: Swinging Strike 0-2: Ground out 4-3 (Groundball, 4, EV 86.2 MPH) Bjoern Waltersson scores
|
|
Batting: LHB Matt Calitri
|
0-0: Foul Ball, location: 2F 0-1: Ball 1-1: Ball 2-1: SINGLE (Groundball, 34D, EV 101.2 MPH)
|
|
Batting: LHB Tyler Meier
|
0-0: Swinging Strike 0-1: Fly out, F7 (Flyball, 7S, EV 81.9 MPH)
|
| Bottom of the 1st over - 1 run, 2 hits, 0 errors, 1 left on base; Corpus Christi 0 - Arkansas 1 |
| TOP OF THE 2ND |
|
Corpus Christi Hooks batting - Pitching for Arkansas Travelers : RHP Robbie Delgado
|
|
Batting: LHB Daniel Lopez
|
0-0: Ball 1-0: Ball 2-0: Ground out 6-3 (Groundball, 6, EV 102.5 MPH)
|
|
Batting: RHB Zach Shaughnessy
|
0-0: Ball 1-0: Called Strike 1-1: Called Strike 1-2: Strikes out swinging
|
|
Batting: RHB Justin Stegall
|
0-0: Ground out 5-3 (Groundball, 5, EV 102.5 MPH)
|
| Top of the 2nd over - 0 runs, 0 hits, 0 errors, 0 left on base; Corpus Christi 0 - Arkansas 1 |
| BOTTOM OF THE 2ND |
|
Arkansas Travelers batting - Pitching for Corpus Christi Hooks : RHP Bill Tulk
|
|
Batting: LHB Barrfhionn O'Toole
|
0-0: Called Strike 0-1: Foul Ball, location: 2F 0-2: Foul Ball, location: 2F 0-2: Ball 1-2: Ground out U3 (Groundball, 34S, EV 91.9 MPH)
|
|
Batting: LHB Sean Corderman
|
0-0: Ball 1-0: Called Strike 1-1: Foul Ball, location: 2F 1-2: Ball 2-2: Foul Ball, location: 2F 2-2: Ball 3-2: Ground out 6-3 (Groundball, 6, EV 82.5 MPH)
|
|
Batting: RHB David Young
|
0-0: Ball 1-0: Called Strike 1-1: Ground out 5-3 (Groundball, 56S, EV 66.2 MPH)
|
| Bottom of the 2nd over - 0 runs, 0 hits, 0 errors, 0 left on base; Corpus Christi 0 - Arkansas 1 |
| TOP OF THE 3RD |
|
Corpus Christi Hooks batting - Pitching for Arkansas Travelers : RHP Robbie Delgado
|
|
Batting: RHB Greg Marlar
|
0-0: Foul Ball, location: 2F 0-1: Ground out U3 (Groundball, 34S, EV 93.1 MPH)
|
|
Batting: LHB Francisco de la Torre
|
0-0: Foul Ball, location: 2F 0-1: Ground out 6-3 (Groundball, 6M, EV 109.4 MPH)
|
|
Batting: RHB Ray Finkle
|
0-0: Called Strike 0-1: Swinging Strike 0-2: Ball 1-2: Ball 2-2: Ground out 6-3 (Groundball, 6, EV 109.4 MPH)
|
| Top of the 3rd over - 0 runs, 0 hits, 0 errors, 0 left on base; Corpus Christi 0 - Arkansas 1 |
| BOTTOM OF THE 3RD |
|
Arkansas Travelers batting - Pitching for Corpus Christi Hooks : RHP Bill Tulk
|
|
Batting: RHB Roberto Martinez
|
0-0: Called Strike 0-1: Ball 1-1: Ball 2-1: Foul Ball, location: 2F 2-2: Strikes out swinging
|
|
Batting: RHB Bjoern Waltersson
|
0-0: Ball 1-0: Fly out, F9 (Flyball, 9, EV 80.0 MPH)
|
|
Batting: RHB Andres Mendiola
|
0-0: Ball 1-0: Swinging Strike 1-1: Swinging Strike 1-2: Foul Ball, location: 2F 1-2: Ball 2-2: Foul Ball, location: 2F 2-2: DOUBLE (Line Drive, 78D, EV 100.6 MPH)
|
|
Batting: RHB Jasper Burd
|
0-0: Called Strike 0-1: Swinging Strike 0-2: Fly out, F7 (Line Drive, 7, EV 86.2 MPH)
|
| Bottom of the 3rd over - 0 runs, 1 hit, 0 errors, 1 left on base; Corpus Christi 0 - Arkansas 1 |
| TOP OF THE 4TH |
|
Corpus Christi Hooks batting - Pitching for Arkansas Travelers : RHP Robbie Delgado
|
|
Batting: RHB Chris McGrath
|
0-0: Called Strike 0-1: Ball 1-1: Ball 2-1: Called Strike 2-2: SINGLE (Line Drive, 78S, EV 105.0 MPH)
|
|
Batting: RHB Antonio Gamez
|
0-0: Ball 1-0: Called Strike 1-1: SINGLE (Groundball, 6MD, EV 104.4 MPH) (infield hit) Chris McGrath to second
|
|
Batting: LHB Sean Trueblood
|
0-0: Swinging Strike 0-1: Ball 1-1: Ball 2-1: Ball 3-1: Base on Balls Chris McGrath to third Antonio Gamez to second
|
|
Batting: LHB Daniel Lopez
|
0-0: Ball 1-0: Grounds into double play, 6-4-3 (Groundball, 6, EV 88.1 MPH) Chris McGrath scores Antonio Gamez to third
|
|
Batting: RHB Zach Shaughnessy
|
0-0: Foul Ball, location: 2F 0-1: Ball 1-1: Foul Ball, location: 2F 1-2: Strikes out swinging
|
| Top of the 4th over - 1 run, 2 hits, 0 errors, 1 left on base; Corpus Christi 1 - Arkansas 1 |
| BOTTOM OF THE 4TH |
|
Arkansas Travelers batting - Pitching for Corpus Christi Hooks : RHP Bill Tulk
|
|
Batting: LHB Matt Calitri
|
0-0: Ball 1-0: Called Strike 1-1: Foul Ball, location: 2F 1-2: Foul Ball, location: 2F 1-2: Foul Ball, location: 2F 1-2: Fly out, F7 (Flyball, 78XD, EV 97.5 MPH)
|
|
Batting: LHB Tyler Meier
|
0-0: Called Strike 0-1: Ground out U3 (Groundball, 34, EV 92.5 MPH)
|
|
Batting: LHB Barrfhionn O'Toole
|
0-0: Ground out 2-3 (Groundball, 13S, EV 66.2 MPH)
|
| Bottom of the 4th over - 0 runs, 0 hits, 0 errors, 0 left on base; Corpus Christi 1 - Arkansas 1 |
| TOP OF THE 5TH |
|
Corpus Christi Hooks batting - Pitching for Arkansas Travelers : RHP Robbie Delgado
|
|
Batting: RHB Justin Stegall
|
0-0: Called Strike 0-1: Fly out, F7 (Flyball, 7S, EV 90.6 MPH)
|
|
Batting: RHB Greg Marlar
|
0-0: Ball 1-0: Called Strike 1-1: Ball 2-1: Ball 3-1: Base on Balls
|
|
Batting: LHB Francisco de la Torre
|
0-0: Swinging Strike 0-1: Ground out 5-3 (Groundball, 5S, EV 70.0 MPH) Greg Marlar to second
|
|
Batting: RHB Ray Finkle
|
0-0: Ball 1-0: Called Strike 1-1: Ball 2-1: Foul Ball, location: 2F 2-2: Foul Ball, location: 2F 2-2: Foul Ball, location: 2F 2-2: SINGLE (Line Drive, 34D, EV 100.0 MPH) Greg Marlar to third Runner from 3rd tries for Home, SAFE, throw by RF to home
|
|
Batting: RHB Chris McGrath
|
0-0: Ball 1-0: Foul Ball, location: 2F 1-1: Ground out 4-3 (Groundball, 34, EV 86.9 MPH)
|
| Top of the 5th over - 1 run, 1 hit, 0 errors, 1 left on base; Corpus Christi 2 - Arkansas 1 |
| BOTTOM OF THE 5TH |
|
Arkansas Travelers batting - Pitching for Corpus Christi Hooks : RHP Bill Tulk
|
|
Batting: LHB Sean Corderman
|
0-0: Ball 1-0: Foul Ball, location: 2F 1-1: Ball 2-1: Foul Ball, location: 2F 2-2: Strikes out swinging
|
|
Batting: RHB David Young
|
0-0: Ground out 6-3 (Groundball, 6, EV 81.2 MPH)
|
|
Batting: RHB Roberto Martinez
|
0-0: Fly out, F9 (Flyball, 89D, EV 102.5 MPH)
|
| Bottom of the 5th over - 0 runs, 0 hits, 0 errors, 0 left on base; Corpus Christi 2 - Arkansas 1 |
| TOP OF THE 6TH |
|
Corpus Christi Hooks batting - Pitching for Arkansas Travelers : RHP Robbie Delgado
|
|
Batting: RHB Antonio Gamez
|
0-0: Called Strike 0-1: Swinging Strike 0-2: Ball 1-2: Foul Ball, location: 2F 1-2: Ball 2-2: Ball 3-2: SINGLE (Line Drive, 6D, EV 107.5 MPH)
|
|
Batting: LHB Sean Trueblood
|
0-0: SINGLE (Flyball, 6D, EV 90.6 MPH) Antonio Gamez to second
|
|
Batting: LHB Daniel Lopez
|
0-0: Called Strike 0-1: Ball 1-1: Called Strike 1-2: Fly out, F7 (Flyball, 7LM, EV 83.8 MPH)
|
|
Pitching: RHP Jason Smallwood
|
|
|
Batting: RHB Zach Shaughnessy
|
Pickoff Throw to Second - Error! E1 Antonio Gamez to third Sean Trueblood to second 0-0: Ball 1-0: Ball 2-0: Fly out, F9 (Flyball, 9D, EV 88.8 MPH) Runner from 3rd tags up, SCORES, no throw by RF Sean Trueblood to third
|
|
Batting: RHB Justin Stegall
|
0-0: Foul Ball, location: 2F 0-1: Foul Ball, location: 2F 0-2: Foul Ball, location: 2F 0-2: Ball 1-2: Foul Ball, location: 2F 1-2: Ball Passed Ball! Sean Trueblood scores 2-2: Ground out 5-3 (Groundball, 5, EV 85.6 MPH)
|
| Top of the 6th over - 2 runs, 2 hits, 1 error, 0 left on base; Corpus Christi 4 - Arkansas 1 |
| BOTTOM OF THE 6TH |
|
Arkansas Travelers batting - Pitching for Corpus Christi Hooks : RHP Bill Tulk
|
|
Batting: RHB Bjoern Waltersson
|
0-0: Ball 1-0: Foul Ball, location: 2F 1-1: Ball 2-1: Ball 3-1: Foul Ball, location: 2F 3-2: Base on Balls
|
|
Batting: RHB Andres Mendiola
|
0-0: Ball 1-0: Foul Ball, location: 2F 1-1: Ball 2-1: Called Strike 2-2: Strikes out swinging
|
|
Batting: RHB Jasper Burd
|
0-0: Ball 1-0: DOUBLE (Flyball, 89D, EV 78.8 MPH) Bjoern Waltersson to third
|
|
Batting: LHB Matt Calitri
|
0-0: Foul Ball, location: 2F 0-1: Ball 1-1: Foul Ball, location: 2F 1-2: Ball 2-2: DOUBLE (Groundball, 3L, EV 94.4 MPH) Bjoern Waltersson scores Jasper Burd scores
|
|
Batting: LHB Tyler Meier
|
0-0: Ball 1-0: DOUBLE (Flyball, 8LXD, EV 114.4 MPH) Matt Calitri scores
|
|
Batting: LHB Barrfhionn O'Toole
|
0-0: Called Strike 0-1: Ball 1-1: Ball 2-1: Called Strike 2-2: Ball 3-2: Foul Ball, location: 2F 3-2: Fly out, F8 (Flyball, 8LM, EV 86.9 MPH)
|
|
Batting: LHB Sean Corderman
|
0-0: Swinging Strike 0-1: Swinging Strike 0-2: Ground out 4-3 (Groundball, 4, EV 86.9 MPH)
|
| Bottom of the 6th over - 3 runs, 3 hits, 0 errors, 1 left on base; Corpus Christi 4 - Arkansas 4 |
| TOP OF THE 7TH |
|
Corpus Christi Hooks batting - Pitching for Arkansas Travelers : RHP Jason Smallwood
|
|
Batting: RHB Greg Marlar
|
0-0: Ball 1-0: Foul Ball, location: 2F 1-1: Ball 2-1: Foul Ball, location: 2F 2-2: Foul Ball, location: 2F 2-2: Ball 3-2: Base on Balls
|
|
Batting: LHB Francisco de la Torre
|
0-0: Ball 1-0: Ball 2-0: Ball 3-0: Foul Ball, location: 2F 3-1: Base on Balls Greg Marlar to second
|
|
Batting: RHB Ray Finkle
|
0-0: Ball 1-0: Bunted foul 1-1: Ball 2-1: Bunt missed! 2-2: Ball 3-2: Foul Ball, location: 2F 3-2: Strikes out swinging
|
|
Pinch Hitting: RHB Antonio Aranda
|
0-0: Foul Ball, location: 2F 0-1: Ball Greg Marlar steals 3rd base 1-1: Foul Ball, location: 2F 1-2: Foul Ball, location: 2F 1-2: Ball 2-2: Ball 3-2: Fly out, F3 (Popup, 3S, EV 82.5 MPH)
|
|
Batting: RHB Antonio Gamez
|
0-0: Called Strike 0-1: Ball 1-1: Foul Ball, location: 2F 1-2: Fielders Choice at 2nd, 5-4 (Groundball, 56, EV 78.8 MPH)
|
| Top of the 7th over - 0 runs, 0 hits, 0 errors, 2 left on base; Corpus Christi 4 - Arkansas 4 |
| BOTTOM OF THE 7TH |
|
Arkansas Travelers batting - Pitching for Corpus Christi Hooks : RHP Bill Tulk
|
|
Now in CF: Jordan Williams
|
|
|
Batting: RHB David Young
|
0-0: Ball 1-0: Foul Ball, location: 2F 1-1: Swinging Strike 1-2: Fly out, F4 (Popup, 23, EV 86.2 MPH)
|
|
Batting: RHB Roberto Martinez
|
0-0: Fly out, F1 (Line Drive, P, EV 66.9 MPH)
|
|
Batting: RHB Bjoern Waltersson
|
0-0: Ball 1-0: Ball 2-0: Ball 3-0: Base on Balls
|
|
Pitching: RHP Michael Bruce
|
|
|
Batting: RHB Andres Mendiola
|
0-0: Called Strike Bjoern Waltersson steals 2nd base 0-1: Ball 1-1: Ball 2-1: Swinging Strike 2-2: SINGLE (Line Drive, 8RM, EV 88.8 MPH) Bjoern Waltersson to third Runner from 3rd tries for Home, SAFE, throw by CF to home Andres Mendiola to second
|
|
Batting: RHB Jasper Burd
|
0-0: Ball 1-0: Ball 2-0: Ball 3-0: Called Strike 3-1: Called Strike 3-2: Foul Ball, location: 2F 3-2: Foul Ball, location: 2F 3-2: Foul Ball, location: 2F 3-2: Base on Balls
|
|
Batting: LHB Matt Calitri
|
0-0: Ball 1-0: Swinging Strike 1-1: Foul Ball, location: 2F 1-2: Ball 2-2: DOUBLE (Flyball, 8RXD, EV 91.2 MPH) Andres Mendiola scores Jasper Burd to third Runner from 3rd tries for Home, SAFE, throw by CF to home
|
|
Pitching: LHP Mike Cobb
|
|
|
Batting: LHB Tyler Meier
|
0-0: Ball 1-0: Called Strike 1-1: Called Strike 1-2: Ball 2-2: SINGLE (Groundball, 4D, EV 100.6 MPH) Matt Calitri to third Runner from 3rd tries for Home, SAFE, throw by CF to home
|
|
Batting: LHB Barrfhionn O'Toole
|
0-0: Ball 1-0: Ball 2-0: Called Strike 2-1: Ball 3-1: Called Strike 3-2: Base on Balls Tyler Meier to second
|
|
Batting: LHB Sean Corderman
|
0-0: Called Strike 0-1: Ball 1-1: Foul Ball, location: 2F 1-2: Ground out 4-3 (Groundball, 4, EV 88.8 MPH)
|
| Bottom of the 7th over - 4 runs, 3 hits, 0 errors, 2 left on base; Corpus Christi 4 - Arkansas 8 |
| TOP OF THE 8TH |
|
Corpus Christi Hooks batting - Pitching for Arkansas Travelers : RHP Jason Smallwood
|
|
Pitching: RHP Erick Vazquez
|
|
|
Now in LF: Mario Padron
|
|
|
Batting: LHB Sean Trueblood
|
0-0: Called Strike 0-1: Ball 1-1: Foul Ball, location: 2F 1-2: SINGLE (Groundball, 4MD, EV 105.0 MPH)
|
|
Batting: LHB Daniel Lopez
|
0-0: SINGLE (Line Drive, 9LS, EV 110.0 MPH) Sean Trueblood to second Runner from 2nd tries for 3rd, OUT! 9-5
|
|
Batting: RHB Zach Shaughnessy
|
0-0: Ball 1-0: Foul Ball, location: 2F 1-1: Foul Ball, location: 2F 1-2: Foul Ball, location: 2F 1-2: Ball 2-2: Ball 3-2: Grounds into double play, 4-6-3 (Groundball, 4, EV 103.1 MPH)
|
| Top of the 8th over - 0 runs, 2 hits, 0 errors, 0 left on base; Corpus Christi 4 - Arkansas 8 |
| BOTTOM OF THE 8TH |
|
Arkansas Travelers batting - Pitching for Corpus Christi Hooks : LHP Mike Cobb
|
|
Pitching: LHP Mat Pear
|
|
|
Batting: RHB David Young
|
0-0: Ball 1-0: Foul Ball, location: 2F 1-1: Called Strike 1-2: Foul Ball, location: 2F 1-2: Foul Ball, location: 2F 1-2: Strikes out swinging
|
|
Batting: RHB Roberto Martinez
|
0-0: Called Strike 0-1: Swinging Strike 0-2: Strikes out swinging
|
|
Batting: RHB Bjoern Waltersson
|
0-0: Called Strike 0-1: Ball 1-1: Called Strike 1-2: Ground out 5-3 (Groundball, 56S, EV 66.9 MPH)
|
| Bottom of the 8th over - 0 runs, 0 hits, 0 errors, 0 left on base; Corpus Christi 4 - Arkansas 8 |
| TOP OF THE 9TH |
|
Corpus Christi Hooks batting - Pitching for Arkansas Travelers : RHP Erick Vazquez
|
|
Pitching: RHP Andino Calzaghe
|
|
|
Batting: RHB Justin Stegall
|
0-0: Called Strike 0-1: Ball 1-1: Ball 2-1: Foul Ball, location: 2F 2-2: DOUBLE (Line Drive, 89D, EV 111.9 MPH)
|
|
Batting: RHB Greg Marlar
|
0-0: Swinging Strike 0-1: Ground out 4-3 (Groundball, 4, EV 111.9 MPH) Justin Stegall to third
|
|
Batting: LHB Francisco de la Torre
|
0-0: Foul Ball, location: 2F 0-1: Ball 1-1: Swinging Strike 1-2: Foul Ball, location: 2F 1-2: Strikes out swinging
|
|
Batting: RHB Ray Finkle
|
0-0: Ball 1-0: Called Strike 1-1: Ball 2-1: Called Strike 2-2: Foul Ball, location: 2F 2-2: Ball 3-2: Foul Ball, location: 2F 3-2: Base on Balls
|
|
Pitching: RHP Harambe Vick
|
|
|
Batting: RHB Jordan Williams
|
0-0: Called Strike 0-1: Foul Ball, location: 2F 0-2: Ball 1-2: Strikes out looking
|
| Top of the 9th over - 0 runs, 1 hit, 0 errors, 2 left on base; Corpus Christi 4 - Arkansas 8 |
|